General information
- name: BNet
- type: Ladder team game (AT/RT)
- host: Battle.net
- saver: MayaBurrayda
map: Cherryville
- players: 8
- length: 30:09
- speed: Fast
- version: 1.26 W3XP
- replay type: Public
» download(215 KB)
Players
team 1 (loser)
HALOxTEKKEN (
blue | 150 APM | 4516 actions | 30:09)
8 Mountain King
3 Storm Bolt
3 Bash
1 Avatar
1 Thunder Clap
5 Paladin
3 Holy Light
1 Devotion Aura
1 Divine Shield
» actions
| Assign group hotkey | 247 | |
| Basic commands | 599 | |
| Build / train | 115 | |
| ESC pressed | 4 | |
| Enter build submenu | 50 | |
| Enter hero's abilities submenu | 13 | |
| Give item / drop item | 1 | |
| Right click | 1630 | |
| Select / deselect | 735 | |
| Select group hotkey | 1005 | |
| Use ability | 115 | |
4516 total
» units
| Peasant | 22 | |
| Footman | 8 | |
| Goblin Shredder | 1 | |
| Rifleman | 4 | |
| Mortar Team | 4 | |
| Gryphon Rider | 5 | |
| Flying Machine | 4 | |
| Siege Engine | 1 | |
49 total
» upgrades
| Defend | 1 | |
| Gunpowder | 3 | |
| Armor | 5 | |
| Masonry | 2 | |
| Long Rifles | 1 | |
| Flare | 1 | |
| Swords | 3 | |
| Plating | 3 | |
| Flak Cannons | 1 | |
| Fragmentation Shards | 1 | |
| Animal War Training | 1 | |
| Barrage | 1 | |
| Storm Hammers | 1 | |
| Cloud | 1 | |
25 total
» buildings
| Lumber Mill | 1 | |
| Farm | 19 | |
| Barracks | 2 | |
| Altar of Kings | 1 | |
| Scout Tower | 15 | |
| Guard Tower | 12 | |
| Town Hall | 3 | |
| Blacksmith | 2 | |
| Arcane Vault | 1 | |
| Keep | 2 | |
| Workshop | 2 | |
| Castle | 1 | |
| Gryphon Aviary | 3 | |
| Cannon Tower | 4 | |
68 total
» build order
00:36 Lumber Mill
00:49 Farm
00:51 Farm
01:04 Barracks
01:09 Altar of Kings
01:46 Farm
02:14 Farm
02:34 Farm
04:27 Scout Tower
04:28 Scout Tower
04:32 Scout Tower
04:33 Scout Tower
04:33 Scout Tower
05:00 Guard Tower
05:01 Guard Tower
05:15 Town Hall
05:24 Guard Tower
05:27 Town Hall
05:35 Blacksmith
05:48 Arcane Vault
06:28 Blacksmith
06:50 Scout Tower
06:51 Scout Tower
06:55 Scout Tower
06:55 Scout Tower
07:10 Guard Tower
07:10 Guard Tower
07:20 Keep
07:20 Keep
07:24 Farm
07:57 Guard Tower
08:01 Barracks
08:35 Guard Tower
08:35 Guard Tower
08:36 Guard Tower
08:38 Guard Tower
08:39 Guard Tower
09:05 Farm
09:08 Farm
09:40 Farm
09:41 Farm
09:42 Guard Tower
10:03 Farm
10:37 Workshop
10:38 Workshop
10:41 Farm
10:42 Farm
11:26 Farm
11:45 Farm
11:49 Castle
12:16 Farm
13:07 Farm
17:01 Gryphon Aviary
17:01 Gryphon Aviary
17:02 Gryphon Aviary
22:40 Scout Tower
22:40 Scout Tower
22:41 Scout Tower
22:59 Scout Tower
23:00 Scout Tower
23:00 Scout Tower
23:02 Farm
23:03 Farm
23:42 Cannon Tower
23:42 Cannon Tower
23:47 Cannon Tower
24:05 Cannon Tower
25:47 Town Hall
» items
| Scroll of Regeneration | 1 | |
| Lesser Clarity Potion | 1 | |
| Scroll of Town Portal | 1 | |
3 total
BladeWizdumb (
yellow | 57 APM | 1719 actions | 30:09)
6 Death Knight
2 Death Coil
2 Death Pact
1 Unholy Aura
1 Animate Dead
4 Lich
2 Frost Nova
2 Dark Ritual
4 Crypt Lord
1 Carrion Beetles
1 Impale
2 Spiked Carapace
» actions
| Assign group hotkey | 23 | |
| Build / train | 97 | |
| Enter build submenu | 21 | |
| Enter hero's abilities submenu | 14 | |
| Give item / drop item | 3 | |
| Right click | 1055 | |
| Select / deselect | 311 | |
| Select group hotkey | 90 | |
| Use ability | 105 | |
1719 total
» units
| Acolyte | 7 | |
| Ghoul | 4 | |
| Crypt Fiend | 20 | |
| Obsidian Statue | 1 | |
| Frost Wyrm | 4 | |
36 total
» upgrades
| Creature Attack | 3 | |
| Creature Carapace | 3 | |
| Burrow | 1 | |
| Web | 1 | |
| Freezing Breath | 1 | |
9 total
» buildings
| Crypt | 1 | |
| Graveyard | 1 | |
| Ziggurat | 8 | |
| Altar of Darkness | 1 | |
| Tomb of Relics | 2 | |
| Necropolis | 1 | |
| Halls of the Dead | 2 | |
| Spirit Tower | 8 | |
| Black Citadel | 1 | |
| Sacrificial Pit | 1 | |
| Slaughterhouse | 1 | |
| Boneyard | 3 | |
30 total
» build order
00:14 Crypt
00:20 Graveyard
00:40 Ziggurat
01:00 Altar of Darkness
01:26 Tomb of Relics
01:46 Ziggurat
04:10 Ziggurat
05:27 Necropolis
06:16 Ziggurat
06:18 Ziggurat
07:19 Halls of the Dead
07:42 Spirit Tower
07:47 Spirit Tower
07:47 Spirit Tower
09:10 Ziggurat
09:13 Tomb of Relics
10:22 Black Citadel
10:31 Ziggurat
10:33 Sacrificial Pit
10:39 Slaughterhouse
12:29 Spirit Tower
14:31 Boneyard
14:38 Boneyard
14:42 Boneyard
20:53 Ziggurat
» items
| Rod of Necromancy | 4 | |
| Sacrificial Skull | 4 | |
| Potion of Healing | 4 | |
| Scroll of Town Portal | 1 | |
| Potion of Mana | 3 | |
| Scroll of Healing | 2 | |
| Orb of Corruption | 1 | |
| Scroll of Protection | 1 | |
20 total
blenderx360 (
pink | 38 APM | 1156 actions | 30:09)
4 Mountain King
2 Thunder Clap
2 Storm Bolt
» actions
| Assign group hotkey | 28 | |
| Basic commands | 22 | |
| Build / train | 97 | |
| ESC pressed | 1 | |
| Enter build submenu | 45 | |
| Enter hero's abilities submenu | 4 | |
| Right click | 360 | |
| Select / deselect | 345 | |
| Select group hotkey | 197 | |
| Use ability | 57 | |
1156 total
» units
| Peasant | 11 | |
| Footman | 13 | |
| Rifleman | 2 | |
| Mortar Team | 17 | |
| Flying Machine | 34 | |
77 total
» upgrades
| Flying Machine Bombs | 1 | |
| Flak Cannons | 1 | |
2 total
» buildings
| Farm | 18 | |
| Altar of Kings | 1 | |
| Barracks | 1 | |
| Scout Tower | 9 | |
| Lumber Mill | 1 | |
| Keep | 1 | |
| Guard Tower | 5 | |
| Blacksmith | 1 | |
| Workshop | 5 | |
| Gryphon Aviary | 3 | |
| Town Hall | 1 | |
| Castle | 4 | |
50 total
» build order
00:10 Farm
00:47 Altar of Kings
00:56 Barracks
01:50 Farm
02:30 Farm
03:16 Scout Tower
03:24 Farm
03:59 Lumber Mill
04:33 Farm
04:45 Keep
05:00 Scout Tower
05:08 Farm
05:12 Farm
05:33 Guard Tower
05:48 Scout Tower
06:04 Blacksmith
06:19 Guard Tower
06:23 Scout Tower
06:51 Guard Tower
06:55 Scout Tower
07:32 Guard Tower
07:35 Scout Tower
08:04 Farm
08:06 Farm
08:12 Workshop
08:19 Workshop
08:22 Workshop
08:27 Guard Tower
08:42 Farm
08:48 Farm
09:03 Workshop
09:47 Scout Tower
10:16 Workshop
10:26 Farm
10:36 Scout Tower
12:02 Farm
12:21 Scout Tower
14:35 Gryphon Aviary
15:01 Gryphon Aviary
15:05 Gryphon Aviary
15:52 Town Hall
16:55 Castle
16:55 Castle
16:56 Castle
17:03 Farm
17:04 Farm
18:38 Farm
18:41 Farm
20:17 Farm
togawa (
teal | 56 APM | 1689 actions | 30:09)
5 Paladin
2 Divine Shield
1 Holy Light
2 Devotion Aura
» actions
| Assign group hotkey | 66 | |
| Basic commands | 4 | |
| Build / train | 129 | |
| Enter build submenu | 16 | |
| Enter hero's abilities submenu | 5 | |
| Remove unit from queue | 3 | |
| Right click | 734 | |
| Select / deselect | 271 | |
| Select group hotkey | 412 | |
| Use ability | 49 | |
1689 total
» units
| Peasant | 24 | |
| Footman | 7 | |
| Rifleman | 18 | |
| Mortar Team | 16 | |
| Priest | 8 | |
| Siege Engine | 2 | |
| Sorceress | 1 | |
| Knight | 4 | |
80 total
» upgrades
| Masonry | 3 | |
| Lumber Harvesting | 2 | |
| Gunpowder | 3 | |
| Armor | 3 | |
| Flare | 1 | |
| Long Rifles | 1 | |
| Priest Training | 2 | |
| Fragmentation Shards | 1 | |
| Plating | 2 | |
| Barrage | 1 | |
| Animal War Training | 1 | |
| Swords | 3 | |
| Sorceress Training | 2 | |
| Flak Cannons | 1 | |
| Flying Machine Bombs | 1 | |
| Magic Sentry | 1 | |
28 total
» buildings
| Altar of Kings | 1 | |
| Farm | 12 | |
| Barracks | 1 | |
| Lumber Mill | 2 | |
| Scout Tower | 15 | |
| Guard Tower | 10 | |
| Keep | 1 | |
| Blacksmith | 1 | |
| Town Hall | 3 | |
| Arcane Sanctum | 1 | |
| Workshop | 1 | |
| Castle | 1 | |
49 total
» build order
00:24 Altar of Kings
00:41 Farm
00:55 Barracks
01:05 Farm
01:07 Farm
01:10 Farm
01:12 Farm
01:14 Farm
01:16 Farm
01:22 Lumber Mill
02:18 Scout Tower
02:19 Scout Tower
02:20 Scout Tower
02:22 Scout Tower
02:23 Scout Tower
03:00 Guard Tower
03:32 Guard Tower
03:57 Guard Tower
04:42 Guard Tower
04:44 Keep
04:55 Guard Tower
05:05 Blacksmith
06:34 Town Hall
06:43 Scout Tower
06:44 Scout Tower
06:44 Scout Tower
06:46 Scout Tower
07:33 Arcane Sanctum
07:54 Guard Tower
08:05 Workshop
08:41 Guard Tower
09:20 Guard Tower
11:43 Castle
12:16 Town Hall
15:07 Scout Tower
15:07 Scout Tower
15:07 Scout Tower
15:08 Scout Tower
15:08 Scout Tower
15:08 Scout Tower
15:25 Farm
15:25 Farm
15:26 Farm
15:27 Farm
15:28 Farm
16:34 Lumber Mill
17:01 Guard Tower
19:04 Guard Tower
22:55 Town Hall
team 2 (winner)
MayaBurrayda (
red | 52 APM | 1558 actions | 30:09)
4 Beastmaster
2 Summon Quilbeast
2 Summon Bear
2 Pandaren Brewmaster
1 Breath of Fire
1 Drunken Haze
» actions
| Assign group hotkey | 30 | |
| Basic commands | 68 | |
| Build / train | 74 | |
| ESC pressed | 13 | |
| Enter build submenu | 38 | |
| Enter hero's abilities submenu | 6 | |
| Give item / drop item | 3 | |
| Right click | 457 | |
| Select / deselect | 543 | |
| Select group hotkey | 217 | |
| Use ability | 109 | |
1558 total
» units
| Wisp | 30 | |
| Huntress | 7 | |
| Druid of the Talon | 1 | |
| Peasant | 5 | |
43 total
» upgrades
| Sentinel | 1 | |
| Ultravision | 1 | |
| Strength of the Moon | 2 | |
| Druid of the Talon Training | 2 | |
| Moon Armor | 1 | |
| Upgrade Moon Glaive | 1 | |
| Well Spring | 1 | |
9 total
» buildings
| Altar of Elders | 1 | |
| Moon Well | 4 | |
| Hunter's Hall | 1 | |
| Ancient of War | 6 | |
| Tree of Ages | 1 | |
| Ancient of Wonders | 2 | |
| Ancient of Wind | 3 | |
| Tree of Life | 1 | |
| Ancient Protector | 5 | |
| Tree of Eternity | 1 | |
| Town Hall | 1 | |
| Farm | 1 | |
| Scout Tower | 5 | |
| Lumber Mill | 2 | |
| Arcane Tower | 1 | |
35 total
» build order
00:07 Altar of Elders
00:22 Moon Well
01:02 Moon Well
01:59 Moon Well
02:39 Hunter's Hall
02:56 Ancient of War
03:00 Ancient of War
03:12 Ancient of War
03:18 Ancient of War
04:09 Tree of Ages
04:11 Ancient of Wonders
07:22 Ancient of Wind
07:33 Tree of Life
07:38 Ancient Protector
07:42 Ancient Protector
07:48 Ancient Protector
07:53 Ancient Protector
08:04 Moon Well
09:14 Ancient Protector
09:56 Ancient of Wind
13:37 Tree of Eternity
14:50 Ancient of Wonders
15:01 Ancient of War
15:03 Ancient of War
15:30 Ancient of Wind
23:49 Town Hall
24:06 Farm
27:58 Scout Tower
28:00 Scout Tower
28:01 Scout Tower
28:03 Scout Tower
28:05 Scout Tower
28:27 Lumber Mill
28:30 Lumber Mill
28:37 Arcane Tower
» items
| Potion of Healing | 3 | |
| Scroll of Town Portal | 2 | |
| Potion of Lesser Invulnerability | 1 | |
| Orb of Venom | 1 | |
7 total
KemicalRx (
orange | 36 APM | 771 actions | 21:31)
7 Archmage
3 Summon Water Elemental
3 Blizzard
1 Mass Teleport
» actions
| Assign group hotkey | 12 | |
| Basic commands | 81 | |
| Build / train | 62 | |
| Enter build submenu | 18 | |
| Enter hero's abilities submenu | 7 | |
| Right click | 216 | |
| Select / deselect | 256 | |
| Select group hotkey | 69 | |
| Use ability | 50 | |
771 total
» units
| Peasant | 15 | |
| Rifleman | 14 | |
| Knight | 3 | |
| Gryphon Rider | 4 | |
| Priest | 6 | |
42 total
» upgrades
| Gunpowder | 2 | |
| Armor | 1 | |
| Long Rifles | 1 | |
| Priest Training | 2 | |
| Swords | 2 | |
| Lumber Harvesting | 1 | |
| Animal War Training | 1 | |
10 total
» buildings
| Altar of Kings | 1 | |
| Farm | 11 | |
| Blacksmith | 1 | |
| Lumber Mill | 2 | |
| Barracks | 2 | |
| Keep | 1 | |
| Arcane Sanctum | 1 | |
| Workshop | 1 | |
| Town Hall | 1 | |
| Castle | 1 | |
| Gryphon Aviary | 2 | |
24 total
» build order
00:03 Altar of Kings
00:11 Farm
00:37 Blacksmith
00:46 Farm
01:32 Lumber Mill
02:16 Barracks
02:37 Barracks
03:10 Farm
03:13 Farm
03:19 Farm
03:22 Farm
06:14 Keep
06:56 Farm
06:57 Farm
06:59 Farm
07:01 Farm
07:07 Farm
09:52 Arcane Sanctum
09:56 Workshop
10:30 Town Hall
10:32 Castle
11:51 Gryphon Aviary
11:56 Gryphon Aviary
17:33 Lumber Mill

»
K(L-Breadzorz (
green | 28 APM | 726 actions | 25:39)
5 Mountain King
3 Storm Bolt
2 Bash
3 Paladin
2 Holy Light
1 Divine Shield
» actions
| Assign group hotkey | 9 | |
| Basic commands | 38 | |
| Build / train | 96 | |
| Enter build submenu | 30 | |
| Enter hero's abilities submenu | 8 | |
| Give item / drop item | 2 | |
| Right click | 206 | |
| Select / deselect | 205 | |
| Select group hotkey | 41 | |
| Use ability | 91 | |
726 total
» units
| Peasant | 25 | |
| Footman | 9 | |
| Mortar Team | 2 | |
| Rifleman | 3 | |
| Siege Engine | 14 | |
53 total
» upgrades
| Swords | 1 | |
| Plating | 3 | |
| Gunpowder | 3 | |
| Armor | 1 | |
| Lumber Harvesting | 2 | |
| Masonry | 2 | |
| Barrage | 1 | |
| Animal War Training | 1 | |
14 total
» buildings
| Farm | 13 | |
| Altar of Kings | 1 | |
| Barracks | 1 | |
| Blacksmith | 1 | |
| Arcane Vault | 1 | |
| Keep | 1 | |
| Lumber Mill | 1 | |
| Town Hall | 4 | |
| Castle | 1 | |
| Scout Tower | 4 | |
| Guard Tower | 1 | |
| Workshop | 4 | |
| Gryphon Aviary | 3 | |
36 total
» build order
00:45 Farm
00:48 Farm
00:54 Altar of Kings
01:26 Barracks
02:05 Blacksmith
02:11 Farm
02:49 Farm
04:44 Arcane Vault
05:02 Keep
05:58 Farm
06:00 Farm
06:19 Lumber Mill
06:59 Town Hall
08:15 Castle
09:29 Scout Tower
09:30 Scout Tower
09:31 Scout Tower
09:32 Scout Tower
11:25 Guard Tower
11:47 Workshop
11:48 Workshop
11:49 Workshop
11:56 Workshop
16:37 Town Hall
16:51 Farm
16:53 Farm
16:55 Farm
18:22 Gryphon Aviary
18:23 Gryphon Aviary
18:28 Gryphon Aviary
19:12 Town Hall
20:44 Farm
20:46 Farm
20:50 Farm
20:52 Farm
23:04 Town Hall
» items
| Scroll of Regeneration | 4 | |
| Lesser Clarity Potion | 6 | |
| Scroll of Town Portal | 3 | |
| Orb of Fire | 1 | |
14 total
SpanishPower01 (
purple | 23 APM | 692 actions | 30:09)
5 Paladin
2 Divine Shield
2 Holy Light
1 Devotion Aura
» actions
| Build / train | 104 | |
| Enter build submenu | 32 | |
| Enter hero's abilities submenu | 5 | |
| Remove unit from queue | 1 | |
| Right click | 290 | |
| Select / deselect | 201 | |
| Use ability | 59 | |
692 total
» units
| Peasant | 17 | |
| Footman | 17 | |
| Assassin | 1 | |
| Murloc Huntsman | 2 | |
| Kobold | 1 | |
| Rifleman | 11 | |
| Priest | 8 | |
| Mortar Team | 9 | |
| Sorceress | 2 | |
| Knight | 6 | |
| Siege Engine | 1 | |
| Flying Machine | 3 | |
78 total
» upgrades
| Priest Training | 2 | |
| Flare | 1 | |
| Long Rifles | 1 | |
| Fragmentation Shards | 1 | |
| Animal War Training | 1 | |
| Sorceress Training | 1 | |
| Barrage | 1 | |
8 total
» buildings
| Farm | 13 | |
| Altar of Kings | 1 | |
| Barracks | 4 | |
| Scout Tower | 5 | |
| Arcane Vault | 1 | |
| Arcane Tower | 1 | |
| Keep | 1 | |
| Blacksmith | 1 | |
| Lumber Mill | 1 | |
| Town Hall | 2 | |
| Arcane Sanctum | 1 | |
| Workshop | 2 | |
| Guard Tower | 3 | |
| Castle | 1 | |
37 total
» build order
01:06 Farm
01:31 Altar of Kings
01:40 Farm
01:46 Barracks
02:00 Barracks
02:11 Scout Tower
02:23 Farm
02:34 Arcane Vault
03:02 Arcane Tower
03:31 Farm
04:11 Keep
06:00 Blacksmith
06:10 Lumber Mill
06:19 Farm
06:28 Farm
07:40 Town Hall
07:51 Arcane Sanctum
07:59 Scout Tower
08:27 Workshop
08:32 Guard Tower
08:36 Scout Tower
12:06 Workshop
12:44 Farm
12:51 Farm
13:21 Farm
15:09 Castle
15:12 Guard Tower
15:16 Scout Tower
17:13 Guard Tower
17:57 Farm
18:39 Farm
19:27 Farm
20:58 Farm
24:04 Barracks
24:17 Barracks
24:27 Scout Tower
28:52 Town Hall
» items
| Scroll of Town Portal | 2 | |
| Scroll of Regeneration | 1 | |
| Orb of Fire | 1 | |
| Potion of Healing | 1 | |
5 total
Chat log
(00:03 / All) MayaBurrayda: Excellent.
(00:05 / All) HALOxTEKKEN: all the same people
(00:14 / All) HALOxTEKKEN: you get purple now
(00:14 / All) MayaBurrayda: All I recognize is purp
(00:15 / All) HALOxTEKKEN: <3
(00:22 / All) HALOxTEKKEN: pink and yellow were in last game
(00:31 / All) blenderx360: is that greifer here?
(00:31 / All) MayaBurrayda: oh
(00:34 / All) MayaBurrayda: no
(00:38 / Allies) SpanishPower01: hola amigo
(00:40 / All) HALOxTEKKEN: you weren't winning anyway
(00:42 / Allies) SpanishPower01: como estas?
(00:42 / All) HALOxTEKKEN: you're on my team now
(00:44 / All) HALOxTEKKEN: so you're safe
(00:54 / Allies) SpanishPower01: no speak inglish
(00:58 / All) HALOxTEKKEN: i taught slayers_boxer how to micro
(01:02 / Allies) K(L-Breadzorz: its ingles
(01:15 / All) MayaBurrayda: Yeah
(01:16 / All) HALOxTEKKEN: i taught idra how to gg so fast
(01:17 / Allies) K(L-Breadzorz: at least spell it right if your going to pretend to be a mexican
(01:25 / All) MayaBurrayda: Boxer must have really put those skills to use
(01:28 / All) MayaBurrayda: in Starcraft 2
(01:30 / All) MayaBurrayda: pfft
(01:33 / All) MayaBurrayda: owned
(01:37 / All) HALOxTEKKEN: boy i will demote you to mod so fast
(01:39 / All) HALOxTEKKEN: your head will spin
(01:52 / All) MayaBurrayda: lol
(03:44 / Allies) KemicalRx: so what we doin
(04:26 / All) MayaBurrayda: By the way
(04:30 / All) MayaBurrayda: I did find it hilarious
(04:33 / All) MayaBurrayda: in the sc2 thread
(04:38 / All) MayaBurrayda: About the protoss ability to tp now
(04:43 / All) HALOxTEKKEN: oh
(04:43 / All) HALOxTEKKEN: what
(04:45 / All) HALOxTEKKEN: i gotta see that
(04:46 / All) HALOxTEKKEN: i didnt
(04:52 / All) MayaBurrayda: Its in the thread
(04:55 / All) MayaBurrayda: it's all like
(05:05 / All) MayaBurrayda: THIS WILL IMPROVE THE OFFENSIVE CAPABITILITES OF THE PROTOSS
(05:09 / All) HALOxTEKKEN: lol
(05:13 / All) MayaBurrayda: BECAUSE YOU CAN JUST GO HOME IF THE ATTACK DOESNT WORK
(05:29 / All) MayaBurrayda: But town portals are for noobs though becasue warcraft 3 is for noobs
(05:31 / All) HALOxTEKKEN: that is so dumb
(05:31 / All) MayaBurrayda: Also creeps suck
(05:36 / All) MayaBurrayda: Destructible rocks are okay though
(05:53 / All) HALOxTEKKEN: yessir
(06:24 / All) MayaBurrayda: No idea if it will be in the final game, but it's still funny
(06:38 / All) HALOxTEKKEN: and also
(06:40 / All) HALOxTEKKEN: you should win things
(06:41 / All) HALOxTEKKEN: by watching
(06:45 / All) MayaBurrayda: Lol
(06:54 / All) MayaBurrayda: You mean like journey?
(07:05 / All) HALOxTEKKEN: simpsons line
(07:05 / All) HALOxTEKKEN: <3
(07:09 / All) MayaBurrayda: Yeah I nkow
(07:13 / All) HALOxTEKKEN: oh okay
(07:14 / All) HALOxTEKKEN: lol
(07:15 / All) HALOxTEKKEN: yeah
(07:46 / All) HALOxTEKKEN: i like pink
(07:47 / All) HALOxTEKKEN: he's weird
(08:50 / All) MayaBurrayda: nicemaphack
(08:55 / All) HALOxTEKKEN: yeah
(09:24 / All) MayaBurrayda: oh what the fu CANNONS
(11:00 / All) HALOxTEKKEN: yellow
(11:02 / All) HALOxTEKKEN: you're not good
(11:04 / All) HALOxTEKKEN: stop swearing
(11:45 / All) MayaBurrayda: So u
(11:52 / All) MayaBurrayda: we gonna do anyhting about those towers or...?
(11:58 / All) HALOxTEKKEN: lol
(12:37 / Allies) MayaBurrayda: wood please
(12:41 / All) KemicalRx: blue ur gay as fuck
(12:50 / All) MayaBurrayda: 1-5
(12:53 / All) HALOxTEKKEN: yeah
(12:53 / All) HALOxTEKKEN: that
(13:04 / All) HALOxTEKKEN: back to league of legends and your kiddie games
(13:43 / All) MayaBurrayda: Yeah I may be dead here
(13:50 / All) MayaBurrayda: Wait yellow
(13:51 / All) HALOxTEKKEN: nah
(13:52 / All) MayaBurrayda: Do that again
(13:57 / All) MayaBurrayda: Hold position in the blizzard some more
(13:59 / All) HALOxTEKKEN: yellow thinks the blizzard heals him
(13:59 / All) MayaBurrayda: It's our only chance
(14:06 / All) MayaBurrayda: There you go
(14:30 / All) MayaBurrayda: holy shit what
(14:35 / All) MayaBurrayda: Ok now
(14:41 / All) MayaBurrayda: Now you HAVE to teamkill if you want a chance of wining
(14:47 / All) HALOxTEKKEN: lol
(14:51 / All) MayaBurrayda: After that display
(14:54 / All) HALOxTEKKEN: U MAD DAWG?
(15:11 / Allies) K(L-Breadzorz: a little help you shitheads
(15:16 / Allies) MayaBurrayda: I just tped to my base
(15:18 / Allies) MayaBurrayda: i have to get another
(15:29 / Allies) KemicalRx: wood plz
(15:35 / All) HALOxTEKKEN: COMMERE PURPLE
(15:49 / All) MayaBurrayda: Lol
(15:52 / All) MayaBurrayda: i can't believe
(15:53 / All) MayaBurrayda: He listened to you
(16:01 / Allies) KemicalRx: wood plz
(16:01 / All) MayaBurrayda: Why would oyu listen to him purple
(16:09 / All) MayaBurrayda: I mean
(16:18 / All) MayaBurrayda: the enemy saying "COME HERE" doesn't sound like an obvious trap to you?
(16:22 / Allies) KemicalRx: wood plz
(16:24 / Allies) KemicalRx: i have 13 wood
(17:22 / Allies) MayaBurrayda: pinks building
(17:31 / Allies) MayaBurrayda: i'm tpign
(17:36 / Allies) MayaBurrayda: to my base
(17:46 / Allies) MayaBurrayda: need help
(18:00 / All) MayaBurrayda: yeah i'm done
(18:01 / All) MayaBurrayda: ded
(18:02 / All) MayaBurrayda: i ean
(18:07 / All) HALOxTEKKEN: t.t
(18:08 / All) HALOxTEKKEN: yeah
(18:13 / Allies) SpanishPower01: give me your gold red pls
(18:24 / All) HALOxTEKKEN: they're gonna push here
(18:25 / All) MayaBurrayda: Why would I hgive you more money puirple
(18:28 / All) HALOxTEKKEN: and im gonna blow them out of the skuy
(18:30 / All) MayaBurrayda: So that you can follow blues orders some more?
(18:35 / All) HALOxTEKKEN: i call obs
(18:41 / All) MayaBurrayda: But
(18:45 / All) MayaBurrayda: If you think you can pull it off
(18:47 / All) MayaBurrayda: Go right ahead I guess
(19:00 / All) HALOxTEKKEN: NO PIES
(19:03 / All) HALOxTEKKEN: YOU HACK HIS BANK ACCOUNT
(19:05 / All) HALOxTEKKEN: AS THE GAME IS ENDING
(19:05 / All) HALOxTEKKEN: YOU NOOB
(19:09 / All) HALOxTEKKEN: FOR THINKING
(19:10 / All) HALOxTEKKEN: HE CAN COMPETE
(19:10 / All) MayaBurrayda: lol
(19:11 / All) HALOxTEKKEN: WITH ME
(19:22 / All) MayaBurrayda: I don't but damn if it ain't facinating to watch him try
(19:23 / Allies) K(L-Breadzorz: wood plz
(19:26 / Allies) K(L-Breadzorz: purple wood me
(19:38 / Allies) K(L-Breadzorz: comon purple
(19:39 / All) HALOxTEKKEN: coming doods
(19:51 / All) HALOxTEKKEN: what yellow
(19:52 / All) MayaBurrayda: Oh
(19:55 / All) MayaBurrayda: apparently I have a huntress somehwere
(19:59 / All) MayaBurrayda: didn't notice that
(19:59 / All) MayaBurrayda: Lol
(20:10 / Allies) MayaBurrayda: yo green
(20:12 / Allies) MayaBurrayda: can you pass me some wood
(20:26 / Allies) MayaBurrayda: so i can rebuild
(20:34 / Allies) KemicalRx: omfg wtf is going on
(20:34 / Allies) MayaBurrayda: my base
(20:56 / Allies) MayaBurrayda: or just
(20:57 / Allies) MayaBurrayda: dont'
(20:59 / Allies) MayaBurrayda: whatever
(21:09 / Allies) KemicalRx: i need hewlp
(21:11 / All) MayaBurrayda: Greens got 300/900
(21:13 / All) HALOxTEKKEN: done after this btw
(21:17 / All) MayaBurrayda: and he's refusing to pass any wood
(21:20 / All) HALOxTEKKEN: duh
(21:23 / All) MayaBurrayda: ok
(21:25 / All) HALOxTEKKEN: is not how RT works
(21:30 / All) KemicalRx: gg my team dsucks balls
(21:33 / All) MayaBurrayda: LOL
(21:36 / Allies) K(L-Breadzorz: IM THE ONE WHO NEEDED WOOD DIPSHIT
(21:40 / All) MayaBurrayda: No
(21:41 / All) MayaBurrayda: Green
(21:47 / All) MayaBurrayda: when you have over twice the amount of wood than gold
(21:51 / All) MayaBurrayda: THEN YOU DONT NEED WOOD
(22:08 / All) HALOxTEKKEN: wow where did purple's army come from
(22:16 / All) MayaBurrayda: Stimulus package
(22:52 / Allies) MayaBurrayda: alright well now i've got nothing so i don't need the wood anymore
(23:19 / All) MayaBurrayda: ALL OF YOU EXCEPT BLUE SUCK
(23:22 / All) MayaBurrayda: !!!!!!!!
(23:24 / All) HALOxTEKKEN: yeah pretty much
(24:22 / All) MayaBurrayda: Well good effort purp
(24:32 / All) MayaBurrayda: And green I guess
(24:37 / All) MayaBurrayda: and yellow
(24:39 / All) MayaBurrayda: And teal
(24:46 / All) HALOxTEKKEN: im undefeated
(24:47 / All) HALOxTEKKEN: lawl
(24:57 / All) MayaBurrayda: pfft
(25:02 / All) MayaBurrayda: Except for that time where I defeated you
(25:24 / All) HALOxTEKKEN: type all the 1s and 0s in the replay
(25:27 / All) HALOxTEKKEN: before the game ends
(25:31 / All) HALOxTEKKEN: or it never happened
(25:44 / All) MayaBurrayda: oooook
(25:49 / All) HALOxTEKKEN: owned
(25:51 / All) MayaBurrayda: Anyway
(26:02 / All) HALOxTEKKEN: owned owned p pwned fanana fana fo fwned
(26:08 / All) MayaBurrayda: I guess I"ll go post in the forum about how you can't last 20 minutes!!!!!!!!!!!!!!!!
(26:12 / All) blenderx360: rate my gameplay
(26:13 / All) HALOxTEKKEN: oh that's wrong
(26:23 / All) MayaBurrayda: PROVE ME WRONG
(26:24 / All) MayaBurrayda: !
(26:24 / All) HALOxTEKKEN: you first
(26:38 / All) MayaBurrayda: holy shit
(26:40 / All) HALOxTEKKEN: 0/10 for losing your MK to purple's army
(26:41 / All) MayaBurrayda: Purp just killed pinks mk
(26:45 / All) HALOxTEKKEN: while you were asking people to rate your gameplay
(26:46 / All) MayaBurrayda: that was pro
(26:49 / All) MayaBurrayda: lol
(27:10 / All) MayaBurrayda: yeah purp
(27:12 / All) MayaBurrayda: u show that farm whos boss
(27:34 / All) HALOxTEKKEN: if i had a TP i would have already killed him
(27:41 / All) MayaBurrayda: who
(27:41 / All) MayaBurrayda: PinK?
(27:48 / All) HALOxTEKKEN: purple
(27:50 / All) MayaBurrayda: oh
(27:59 / All) HALOxTEKKEN: fuckface
(28:04 / All) HALOxTEKKEN: don't go hiding shit
(28:07 / All) MayaBurrayda: im not
(28:10 / All) HALOxTEKKEN: no
(28:11 / All) MayaBurrayda: Im just winning
(28:11 / All) HALOxTEKKEN: it's him
(28:42 / All) MayaBurrayda: These guys
(28:45 / All) MayaBurrayda: left the game with over 2k gold
(28:52 / All) MayaBurrayda: And they were asking ME for money
(28:55 / All) HALOxTEKKEN: are you for real
(28:57 / All) MayaBurrayda: yeah
(29:12 / All) MayaBurrayda: Lol
(29:17 / All) MayaBurrayda: use holy light to defeat the pasant attack
(29:18 / All) HALOxTEKKEN: like how i healed the 7 damage
(29:30 / All) MayaBurrayda: gg though
(29:33 / All) HALOxTEKKEN: ggs
(29:35 / All) MayaBurrayda: thankf ro payling
(29:39 / All) blenderx360: U SUCK DICK
(29:42 / All) HALOxTEKKEN: pink
(29:44 / All) HALOxTEKKEN: shut up
(29:49 / All) MayaBurrayda: 15-25
(29:52 / All) MayaBurrayda: or 2-6
(29:55 / All) HALOxTEKKEN: he apologized
(29:56 / All) MayaBurrayda: PICK YOUR STATISTICS TO GO BY
(29:56 / All) HALOxTEKKEN: it's okay